AoeStats
← 化劲省二

MegaRandom

506704247Analyzed
1v1 RM · 18d ago on Sep 14, 2026· 63m 10s· 2 players
Game mode
Random Map
Map size
Tiny (2 player)
Population
200
Speed
Normal
Resources
Standard
Victory
Conquest
Starting age
Dark Age
Ending age
Imperial Age
RankedLock teamsTeams togetherTeam positionsShared explorationLock speedFull tech treeHidden civsTurbo modeCheats
Victory
Defeat
🇱🇺 Wu · Luxembourg
1181
+17
🇨🇳 Khitans · China
1192
-17
Roland Papier
7:17 Loom
12:15 Feudal Age
16:14 Castle Age
15:22 Forging
16:35 Double-Bit Axe
18:28 Medium Warships
19:00 Gold Mining
22:31 Horse Collar
25:15 Scale Mail Armor
26:58 Wheelbarrow
35:06 Imperial Age
32:32 Stone Mining
33:04 Fletching
36:49 Masonry
37:56 Bodkin Arrow
42:07 Sitting Tiger
43:09 Ballistics
43:38 Squires
44:16 Conscription
44:14 Pikeman
45:01 Treadmill Crane
47:19 Murder Holes
48:27 Chain Mail Armor
48:47 Iron Casting
50:44 Bracer
51:15 Plate Mail Armor
52:21 Bow Saw
52:26 Heavy Plow
53:23 Halberdier
55:19 Plate Mail Armor
55:27 Iron Casting
59:17 Heavy Warships
化劲省二
3:20 Loom
13:11 Feudal Age
13:55 Double-Bit Axe
15:44 Gold Mining
16:56 Forging
19:22 Castle Age
19:14 Fishing Lines
20:49 Iron Casting
20:29 Medium Warships
21:08 Gillnets
29:57 Wheelbarrow
29:11 Town Watch
32:49 Pikeman
33:18 Arson
33:53 Scale Mail Armor
33:56 Murder Holes
34:14 Clinker Construction
34:46 Lamellar Armor
35:53 Bow Saw
40:39 Imperial Age
38:12 Treadmill Crane
39:44 Chain Mail Armor
39:44 Squires
39:06 Pikeman
39:59 Stone Mining
40:26 Light Cavalry
41:29 Scale Barding Armor
42:04 Heavy Warships
41:33 Fletching
43:00 Chemistry
42:43 Hand Cart
42:28 Domestication
44:15 Two-Man Saw
44:12 Chain Barding Armor
44:26 Husbandry
44:39 Pastoralism
45:39 Capped Ram
47:11 Hussar
48:30 Plate Barding Armor
49:20 Conscription
50:04 Siege Ram
54:39 Masonry
56:18 Bodkin Arrow
58:25 Plate Barding Armor
58:58 Ballistics
59:32 Transhumance
61:25 Plate Mail Armor
60:57 Padded Archer Armor
Connection lost

Rejoining the realm…

Still unreachable

The connection could not be restored.

Session expired

The server has moved on; the page needs a fresh start.